[Event "*** Titled Tuesday Blitz"]
[Site "Chess.com"]
[Date "2020.12.01"]
[Round "7"]
[White "diamonds13"]
[Black "nikitadovbnya2008"]
[Result "1-0"]
[WhiteElo "2336"]
[BlackElo "2181"]
[TimeControl "180+1"]
[EndTime "11:15:08 PST"]
[Termination "diamonds13 won on time"]

1. d4 Nf6 2. c4 e6 3. Nc3 Bb4 4. Nf3 O-O 5. Bd2 b6 6. e3 Bb7 7. Bd3 d6 8. Rc1 Nbd7 9. a3 Bxc3 10. Bxc3 c5 11. O-O Qe7 12. Qc2 Rfe8 13. Rfd1 h6 14. b4 Rac8 15. dxc5 bxc5 16. b5 e5 17. Be2 Nf8 18.
a4 Ng6 19. a5 Be4 20. Qb2 Qe6 21. Nd2 Ba8 22. f3 Nh4 23. Nf1 Nh5 24. Be1 g5 25.
Qd2 Rcd8 26. b6 axb6 27. axb6 f5 28. Ra1 Nf6 29. Ra7 Bc6 30. Rc7 d5 31. Qa5 dxc4 32.
Qxc5 Rxd1 33. Rxc6 Rxe1 34. Rxe6 Rxe6 35. Bxc4 Kf7 36.
Qxe5 Nxf3+ 37. gxf3 Rxf1+ 38. Kxf1 1-0

[Event "*** Titled Tuesday Blitz"]
[Site "Chess.com"]
[Date "2020.12.01"]
[Round "7"]
[White "Pertinhez76"]
[Black "ZuchBolt"]
[Result "1-0"]
[WhiteElo "2033"]
[BlackElo "2144"]
[TimeControl "180+1"]
[EndTime "11:15:08 PST"]
[Termination "Pertinhez76 won on time"]

1. e4 e5 2. Nf3 Nc6 3. d4 exd4 4.
Bc4 Bc5 5. c3 Nf6 6. cxd4 Bb4+ 7.
Nc3 Nxe4 8. O-O Bxc3 9. bxc3 d5 10. Re1 O-O 11. Bd3 Bf5 12. Qc2 Bg6 13. Rb1 b6 14. Bf4 Re8 15. h3 f6 16. Rbd1 Na5 17. Nh4 Bf7 18. Nf5 Qd7 19. g4 Nb7 20. a4 c5 21. Bb5 Qd8 22. Bxe8 Bxe8 23. f3 Ng5 24. Kg2 Bg6 25. h4 Bxf5 26. Qxf5 Nf7 27. h5 Rc8 28. Qe6 h6 29. Re2 1-0

[Event "*** Titled Tuesday Blitz"]
[Site "Chess.com"]
[Date "2020.12.01"]
[Round "7"]
[White "sergiochess83"]
[Black "albi1999"]
[Result "1-0"]
[WhiteElo "2792"]
[BlackElo "2579"]
[TimeControl "180+1"]
[EndTime "11:15:10 PST"]
[Termination "sergiochess83 won by checkmate"]

1. e4 e5 2. Nf3 Nc6 3. Bb5 a6 4.
Ba4 d6 5. O-O Bd7 6. c4 g6 7. d4 exd4 8. Bxc6 bxc6 9. Qxd4 f6 10.
Nc3 c5 11. Qd2 Ne7 12. b3 Bg7 13. Bb2 O-O 14. Rfe1 Re8 15. h3 Qc8 16. Re3 Bh6 17. Nd1 Bg7 18. Nc3 Qb7 19. Rae1 Be6 20. Nd5 Nxd5 21.
exd5 Bf7 22. Rxe8+ Rxe8 23. Rxe8+ Bxe8 24. Qf4 f5 25. Bxg7 Kxg7 26. Qh4 c6 27. Ng5 Kg8 28. Ne6 cxd5 29. cxd5 Qf7 30. Qd8 Qd7 31. Qa8 h6 32. Qxa6 Kf7 33. Qa5 Kf6 34. Qc3+ Kf7 35. Qg7# 1-0

[Event "*** Titled Tuesday Blitz"]
[Site "Chess.com"]
[Date "2020.12.01"]
[Round "7"]
[White "bylavochka"]
[Black "InitiatingASC"]
[Result "0-1"]
[WhiteElo "2209"]
[BlackElo "2419"]
[TimeControl "180+1"]
[EndTime "11:15:10 PST"]
[Termination "InitiatingASC won by resignation"]

1. e4 c6 2. d4 d6 3. Nf3 Bg4 4. Be2 Nf6 5. Nc3 Nbd7 6. O-O e5 7. Be3 Qc7 8. h3 Bh5 9. Nd2 Bg6 10. a4 a5 11. f4 exf4 12. Bxf4 Be7 13. Nc4 Nxe4 14. d5 Nxc3 15. bxc3 cxd5 16. Qxd5 O-O 17. Rab1 Qc5+ 18. Qxc5 Nxc5 19. Nxd6 Nxa4 20. Rxb7 Bf6 21. Bd3 Nxc3 22. Bxg6 Ne2+ 23. Kh1 Nxf4 24. Rxf4 hxg6 25. Ra4 Ra6 26. Nc4 Rc8 27. Rxa5 Rxa5 28. Nxa5 Rxc2 29. Nb3 Be5 30. g4 g5 31. Rb5 f6 32. Nc5 Rh2+ 33. Kg1 Rxh3 34.
Nd3 Rxd3 0-1

[Event "*** Titled Tuesday Blitz"]
[Site "Chess.com"]
[Date "2020.12.01"]
[Round "7"]
[White "lacafi"]
[Black "KetiTsatsalashvili"]
[Result "0-1"]
[WhiteElo "2200"]
[BlackElo "2327"]
[TimeControl "180+1"]
[EndTime "11:15:11 PST"]
[Termination "KetiTsatsalashvili won by checkmate"]

1. d4 Nf6 2. Nf3 e6 3. e3 d5 4.
Bd3 Be7 5. Nbd2 a6 6. Qe2 O-O 7. O-O c5 8. c3 Nc6 9. Re1 b5 10. dxc5 Bxc5 11. e4 Ng4 12. Rf1 Bb7 13. h3 Nge5 14.
Bc2 Ng6 15. Nb3 Bd6 16. Re1 Nce5 17. Nfd4 Nc4 18. g3 Qc7 19. f4 e5 20. fxe5 Bxe5 21. g4 Rae8 22. Qg2 Bg3 23. Re2 Nh4 24. Qf1 dxe4 25. Nf5 Nf3+ 26. Kg2 Bf4 27. Nbd4 Bxc1 28. Rxc1 Qh2# 0-1

[Event "*** Titled Tuesday Blitz"]
[Site "Chess.com"]
[Date "2020.12.01"]
[Round "7"]
[White "gilbert_gm"]
[Black "German_Bazeev"]
[Result "0-1"]
[WhiteElo "2556"]
[BlackElo "2719"]
[TimeControl "180+1"]
[EndTime "11:15:13 PST"]
[Termination "German_Bazeev won by resignation"]

1. e4 c6 2. d4 d5 3. Nc3 dxe4 4.
Nxe4 Nf6 5. Nc3 Bf5 6. Bd3 Bg6 7.
Nf3 Nbd7 8. Qe2 e6 9. Bg5 Bb4 10. O-O Bxc3 11. bxc3 O-O 12. a4 Qc7 13. Bh4 Bh5 14.
Bg3 Qa5 15. Rfb1 Qxc3 16. Bd6 Rfe8 17. Bb4 Bxf3 18. Qxf3 Qxd4 19. Bc3 Qd5 20. Qe2 b6 21. Rd1 Qh5 22. f3 Qc5+ 23. Qe3 Qxe3+ 0-1

[Event "*** Titled Tuesday Blitz"]
[Site "Chess.com"]
[Date "2020.12.01"]
[Round "7"]
[White "Ariadna_Atreides"]
[Black "MarcLonoff"]
[Result "0-1"]
[WhiteElo "2065"]
[BlackElo "2189"]
[TimeControl "180+1"]
[EndTime "11:15:14 PST"]
[Termination "MarcLonoff won by resignation"]

1. Nf3 e6 2. e3 f5 3. b3 Nf6 4.
Bb2 b6 5. d3 Bb7 6. Nbd2 Be7 7.
g3 O-O 8. Bg2 d5 9. Ne5 Nbd7 10.
f4 Nxe5 11. fxe5 Ng4 12. Qe2 c5 13. h3 Nh6 14. O-O-O a5 15. g4 a4 16. Kb1 axb3 17. axb3 Qb8 18. e4 fxe4 19. dxe4 d4 20. h4 Qxe5 21.
Nc4 Qc7 22. g5 Nf7 23. g6 hxg6 24. Qg4 Nh6 25. Qxg6 Rf6 26. Qh5 b5 27. e5 Rf2 28.
Bxb7 Qxb7 29. Rhg1 Qe4 30. Rd3 bxc4 31. Rxg7+ Kxg7 32. Rg3+ Kh7 0-1

[Event "*** Titled Tuesday Blitz"]
[Site "Chess.com"]
[Date "2020.12.01"]
[Round "7"]
[White "onetowin"]
[Black "HouseOfDurin"]
[Result "1-0"]
[WhiteElo "2005"]
[BlackElo "2079"]
[TimeControl "180+1"]
[EndTime "11:15:14 PST"]
[Termination "onetowin won on time"]

1. d4 Nf6 2. Nf3 c5 3. d5 b5 4.
c4 bxc4 5. Nc3 d6 6. e4 Nbd7 7. Nd2 g6 8. Nxc4 Bg7 9. Be2 O-O 10. a4 Nb6 11. Ne3 a5 12. O-O Nfd7 13. Qc2 Ba6 14.
Nb5 Qb8 15. Bd2 Rc8 16. Bxa5 Bxb5 17. axb5 c4 18. Rfc1 c3 19. Bxc3 Rxa1 20. Rxa1 Qc7 21. Nd1 Ne5 22. Qb3 Qc5 23. Rc1 Nec4 24. Bxg7 Kxg7 25. Ne3 Nd2 26. Rxc5 1-0

[Event "*** Titled Tuesday Blitz"]
[Site "Chess.com"]
[Date "2020.12.01"]
[Round "7"]
[White "RD4ever"]
[Black "Lion-Al-Messi"]
[Result "1-0"]
[WhiteElo "2822"]
[BlackElo "2582"]
[TimeControl "180+1"]
[EndTime "11:15:15 PST"]
[Termination "RD4ever won on time"]

1. d4 b6 2. e4 Bb7 3. Bd3 e6 4.
Qe2 Nf6 5. Nf3 Be7 6. e5 Nd5 7. a3 c5 8. dxc5 bxc5 9. c4 Nc7 10. Nc3 Nc6 11. Ne4 Nd4 12. Nxd4 cxd4 13. Nd6+ Bxd6 14. exd6 Na6 15. b4 O-O 16. c5 Nb8 17. O-O f5 18.
Bb2 Qg5 19. f3 Nc6 20. b5 Na5 21. Rad1 Nb3 22. c6 Bc8 23. Bc4 Na5 24. cxd7 Bxd7 25. Bxe6+ Bxe6 26. Qxe6+ Kh8 27. Bxd4 Rae8 28. Qd5 Re2 29.
Rf2 Rxf2 30. Bxf2 h5 31. d7 Rd8 32. Bxa7 h4 33. h3 Qh6 34. Bf2 Qf6 35. b6 Qe7 36. Qxa5 Rxd7 37. Rxd7 Qxd7 38. Qc5 Qd1+ 39. Kh2 g6 40. Qd4+ Qxd4 41. Bxd4+ 1-0

[Event "*** Titled Tuesday Blitz"]
[Site "Chess.com"]
[Date "2020.12.01"]
[Round "7"]
[White "Reader777"]
[Black "NeverW84M8"]
[Result "1-0"]
[WhiteElo "2686"]
[BlackElo "2536"]
[TimeControl "180+1"]
[EndTime "11:15:16 PST"]
[Termination "Reader777 won by resignation"]

1. d4 Nf6 2. c4 c5 3. d5 e6 4.
Nc3 exd5 5. cxd5 d6 6. e4 g6 7.
f4 a6 8. a4 Bg7 9. Nf3 O-O 10.
Be2 Bg4 11. O-O Nbd7 12. h3 Bxf3 13. Bxf3 Rb8 14. g4 h6 15. h4 h5 16. g5 Ng4 17.
Bxg4 hxg4 18. Qxg4 Qe7 19. f5 Bxc3 20. bxc3 Rbe8 21. f6 Qxe4 22. Qxd7 Qxd5 23. Qg4 Re4 24. Bf4 Rfe8 25. Rad1 Qc4 26. Qg3 d5 27. Rfe1 Kh7 28. Rxe4 Rxe4 29. Rf1 d4 30. cxd4 Qxd4+ 31. Kg2 c4 32. h5 c3 33. hxg6+ Kxg6 34. Qf3 c2 35. Kg3 Kf5 36. Be3+ Rf4 37. Qxf4+ Qxf4+ 38. Rxf4+ 1-0

[Event "*** Titled Tuesday Blitz"]
[Site "Chess.com"]
[Date "2020.12.01"]
[Round "7"]
[White "PawnEatingZombie"]
[Black "JoachimMouhamad"]
[Result "0-1"]
[WhiteElo "2177"]
[BlackElo "2406"]
[TimeControl "180+1"]
[EndTime "11:15:17 PST"]
[Termination "JoachimMouhamad won by resignation"]

1. d4 Nf6 2. c4 g6 3. Nc3 d5 4. cxd5 Nxd5 5. e4 Nxc3 6. bxc3 Bg7 7. Nf3 c5 8. Be3 O-O 9. Be2 Nc6 10. d5 Bxc3+ 11.
Bd2 Bxd2+ 12. Qxd2 Nd4 13. Nxd4 cxd4 14. Qxd4 e6 15.
O-O exd5 16. exd5 Qd6 17. Bf3 Bf5 18. Rac1 a6 19. Rfe1 Rac8 20. h4 h5 21. g3 Rxc1 22.
Rxc1 Rc8 23. Re1 b5 24. Kg2 a5 25. Re5 Bd7 26. Qe3 b4 27. Bxh5 gxh5 28. Rxh5 Kf8 29.
Qg5 Qg6 30. Rh8+ Kg7 31. Qe5+ f6 32. Qe7+ Kxh8 33. Qxd7 Qe8 34. Qf5 Qd8 35. Qh5+ Kg8 36. Qg6+ Kf8 37. Qh6+ Ke7 38. Qe3+ Kd6 39. Qe6+ Kc5 40. h5 Qxd5+ 41. Qxd5+ Kxd5 0-1

[Event "*** Titled Tuesday Blitz"]
[Site "Chess.com"]
[Date "2020.12.01"]
[Round "7"]
[White "Slovak_fighter2000"]
[Black "Nikolakis2014"]
[Result "1-0"]
[WhiteElo "2566"]
[BlackElo "2709"]
[TimeControl "180+1"]
[EndTime "11:15:18 PST"]
[Termination "Slovak_fighter2000 won by resignation"]

1. d4 Nf6 2. Nf3 g6 3. c4 Bg7 4.
Nc3 O-O 5. e4 d6 6. Be2 e5 7. Be3 Na6 8. d5 Ng4 9. Bg5 f6 10. Bh4 Nh6 11. Nd2 c5 12. O-O Nc7 13.
a3 Bd7 14. b4 b6 15. f3 Nf7 16.
Nb5 Nxb5 17. cxb5 Bh6 18. bxc5 dxc5 19. Bf2 f5 20. a4 Bxd2 21. Qxd2 f4 22. d6 Be6 23. Rfd1 Qf6 24. a5 Rad8 25. Qc3 Rxd6 26. Rxd6 Nxd6 27. axb6 axb6 28. Ra6 Rb8 29. Bxc5 Bf7 30.
Bf2 Qe7 31. Rxb6 Rc8 32. Rc6 Ra8 33. h3 Ne8 34. b6 Ra2 35. Bc4 1-0

[Event "*** Titled Tuesday Blitz"]
[Site "Chess.com"]
[Date "2020.12.01"]
[Round "7"]
[White "Andrii_Prydun"]
[Black "GameOverBro"]
[Result "0-1"]
[WhiteElo "2342"]
[BlackElo "2517"]
[TimeControl "180+1"]
[EndTime "11:15:18 PST"]
[Termination "GameOverBro won on time"]

1. d4 Nf6 2. c4 e6 3. Nf3 Bb4+ 4. Bd2 Qe7 5. a3 Bxd2+ 6. Qxd2 b6 7. Nc3 Bb7 8. Qc2 c5 9. Rd1 Bxf3 10. gxf3 cxd4 11. Rxd4 Nc6 12. Rd2 Rc8 13. e3 Ne5 14. Be2 O-O 15. Ne4 d5 16. Nxf6+ Qxf6 17. f4 Nxc4 18. Bxc4 Rxc4 19.
Qd1 Rfc8 20. O-O g6 21. Qe2 h5 22. Rfd1 Kg7 23. Qf3 Rc1 24. Kf1 R8c2 25. Rxc2 Rxc2 26. b4 Ra2 27. Rd3 Qa1+ 28. Kg2 Rxa3 29. e4 dxe4 30.
Qxe4 Rxd3 31. Qxd3 a5 32. b5 a4 33. Qd6 a3 34.
Qxb6 a2 35. Qa5 Qb2 36. b6 a1=Q 37. Qg5 Qxb6 0-1

[Event "*** Titled Tuesday Blitz"]
[Site "Chess.com"]
[Date "2020.12.01"]
[Round "7"]
[White "Kovalchuk94"]
[Black "Mazetovic"]
[Result "0-1"]
[WhiteElo "2557"]
[BlackElo "2723"]
[TimeControl "180+1"]
[EndTime "11:15:19 PST"]
[Termination "Mazetovic won on time"]

1. e4 c5 2. Nf3 Nc6 3. d4 cxd4 4. Nxd4 g6 5. c4 Bg7 6. Be3 Nf6 7. Nc3 O-O 8. Be2 d6 9. O-O Bd7 10. Qd2 Nxd4 11.
Bxd4 Bc6 12. f3 a5 13. Rab1 Nd7 14. Be3 Nc5 15. b3 Be5 16. Rfc1 e6 17. Bf1 Qh4 18. g3 Qe7 19. Bg2 b6 20. Rd1 Rad8 21. Ne2 Bg7 22. Nd4 Bb7 23. Qf2 d5 24. exd5 exd5 25. cxd5 Bxd5 26. Rbc1 Rfe8 27. Bf4 Ne6 28. Nxe6 Qxe6 29. Re1 Qd7 30. Rc7 Qb5 31. Be3 Qb4 32. Rcc1 Rxe3 33.
Rxe3 Bd4 34. Kh1 Bxe3 35. Qxe3 Be6 36. h4 Qd2 37. Qxd2 Rxd2 38. Rc6 Rxa2 39. Rxb6 Ra3 40. b4 a4 41. Ra6 Ra1+ 42. Kh2 a3 43. f4 a2 0-1

[Event "*** Titled Tuesday Blitz"]
[Site "Chess.com"]
[Date "2020.12.01"]
[Round "7"]
[White "UCantHandleDenker"]
[Black "Zmeeed63"]
[Result "1-0"]
[WhiteElo "2527"]
[BlackElo "2408"]
[TimeControl "180+1"]
[EndTime "11:15:19 PST"]
[Termination "UCantHandleDenker won by checkmate"]

1. Nf3 Nf6 2. c4 e6 3. g3 d5 4. b3 d4 5. Bg2 c5 6. O-O Nc6 7. e3 Bd6 8. exd4 cxd4 9. Re1 O-O 10. d3 e5 11. Ba3 Re8 12. c5 Bc7 13. Nbd2 Bf5 14. Nc4 Nd5 15. Nh4 Be6 16. Qd2 Qd7 17.
Rac1 f6 18. Bb2 a5 19. a3 Rec8 20. Qd1 Nce7 21. Qe2 Qb5 22. Bxd4 Qxb3 23. Rb1 Qa4 24. Ba1 Rab8 25. f4 Bf7 26. fxe5 fxe5 27. Nxe5 Bxe5 28.
Qxe5 Qxa3 29. Qxg7# 1-0

[Event "*** Titled Tuesday Blitz"]
[Site "Chess.com"]
[Date "2020.12.01"]
[Round "7"]
[White "ApacheSVD"]
[Black "ViktoriyaTarasova"]
[Result "1-0"]
[WhiteElo "2420"]
[BlackElo "2279"]
[TimeControl "180+1"]
[EndTime "11:15:19 PST"]
[Termination "ApacheSVD won by resignation"]

1. e4 e5 2. Nf3 Nc6 3. Nc3 Nf6 4. a3 d5 5. Bb5 d4 6. Ne2 Bd7 7. d3 Bd6 8. O-O O-O 9. Bc4 h6 10. c3 dxc3 11. bxc3 a6 12. Rb1 b5 13. Ba2 Ne7 14.
Ng3 Ng6 15. d4 Qe7 16. Nf5 Bxf5 17. exf5 e4 18. fxg6 exf3 19. gxf7+ Kh8 20. Qxf3 c6 21. Bd2 Bxa3 22. Rfe1 Qd6 23. Re6 Qd8 24. Bxh6 Rxf7 25. Re5 Rf8 26. Bg5 Qd7 27. Be6 Qd6 28. Qh3+ Nh7 29.
Be7 Qxe7 30. Bf5 Rxf5 31. Rxe7 Rf6 32. Rc7 Raf8 33. Rf1 Bd6 34. Rc8 Kg8 35. Rxf8+ Nxf8 36. Qc8 a5 37. g3 a4 38. Qxc6 a3 39. Qxb5 Kh8 40.
c4 a2 41. Qa4 Rf3 42. Qxa2 1-0

[Event "*** Titled Tuesday Blitz"]
[Site "Chess.com"]
[Date "2020.12.01"]
[Round "7"]
[White "ChessteacherPalmS"]
[Black "midedu"]
[Result "1-0"]
[WhiteElo "2316"]
[BlackElo "2104"]
[TimeControl "180+1"]
[EndTime "11:15:22 PST"]
[Termination "ChessteacherPalmS won on time"]

1. d4 Nf6 2. c4 g6 3. Nc3 Bg7 4. e4 d6 5. Be2 O-O 6. Nf3 Nc6 7. h3 e5 8. dxe5 dxe5 9. Bg5 h6 10. Qxd8 Rxd8 11. Bxf6 Bxf6 12. Nd5 Bg7 13. Nxc7 Rb8 14. Nd5 Nd4 15. Nxd4 exd4 16. O-O-O Be6 17. Kb1 a6 18. Rc1 b5 19. cxb5 Bxd5 20. exd5 axb5 21. Bf3 b4 22. Rhe1 Kf8 23. Rc7 Bf6 24. g3 h5 25. g4 hxg4 26.
hxg4 Re8 27. Rd1 Red8 28. Rc6 Be5 29. Re1 Bd6 30. Re4 b3 31. a3 Bh2 32. Rxd4 Re8 33. Rd1 Be5 34. d6 Rbd8 35. d7 Re6 36. Rxe6 fxe6 37. Re1 Bd4 38. Rxe6 1-0

[Event "*** Titled Tuesday Blitz"]
[Site "Chess.com"]
[Date "2020.12.01"]
[Round "7"]
[White "Blitzstream"]
[Black "GigaQuparadze"]
[Result "0-1"]
[WhiteElo "2763"]
[BlackElo "2915"]
[TimeControl "180+1"]
[EndTime "11:15:23 PST"]
[Termination "GigaQuparadze won by resignation"]

1. d4 Nf6 2. Bg5 e6 3. e4 c5 4. d5 d6 5. Nc3 Be7 6. Nf3 O-O 7.
h4 exd5 8. exd5 Re8 9. Be2 h6 10. Qd3 Ng4 11. Bf4 b6 12. Bg3 Ba6 13. Nb5 Bf6 14.
O-O-O Nd7 15. Qd2 Nde5 16. Nxe5 Bxe5 17. Bxg4 Bxb5 18. Bxe5 Rxe5 19. f4 Re4 20. Bf3 Rd4 21.
Qf2 Rxf4 22. Rhe1 Qf6 23. Qe3 Rxh4 24. Qe7 Qg5+ 25. Kb1 Qxe7 26. Rxe7 Rf4 27. Rde1 g5 28. Bh5 Bc4 29. g3 Rf6 30. Rd1 Kf8 31. Rc7 Re8 32.
b3 Be2 33. Bxe2 Rxe2 34. Rxa7 b5 35. a4 bxa4 36. Rxa4 Re3 37. Kb2 Rxg3 38. Re1 Kg7 39. Ra7 h5 40. Ra8 h4 41. Ree8 Rh6 42. Rg8+ Kf6 43.
Rge8 h3 44. Rad8 Kf5 0-1

[Event "*** Titled Tuesday Blitz"]
[Site "Chess.com"]
[Date "2020.12.01"]
[Round "7"]
[White "JustWatch000"]
[Black "AryanTari"]
[Result "0-1"]
[WhiteElo "2440"]
[BlackElo "2896"]
[TimeControl "180+1"]
[EndTime "11:15:24 PST"]
[Termination "AryanTari won by resignation"]

1. e4 c6 2. d4 d5 3. exd5 cxd5 4. c4 Nf6 5. Nc3 e6 6. Nf3 Bb4 7. Bd2 O-O 8. Bd3 dxc4 9. Bxc4 b6 10. O-O Bb7 11.
a3 Bxc3 12. Bxc3 Nbd7 13. Ne5 a6 14. Qe2 Nd5 15. Bd2 Nxe5 16. Qxe5 Qf6 17. Qxf6 gxf6 18. f4 f5 19. Rac1 Nf6 20. Bb4 Rfc8 21. Be7 Ne4 22. Bd3 Kg7 23. Rfe1 f6 24. Bxe4 Bxe4 25. Bb4 Kf7 26. Bd2 Ke7 27. Rxc8 Rxc8 28. Rc1 Rg8 29. g3 Kd7 30. Kf2 h5 31. h4 a5 32. Be1 Kd6 33. Ke3 Bb7 34. Bf2 Rg7 35. Rc2 Kd5 36. Rc1 Ba6 37.
Rc3 Bc4 38. b3 Ba6 39. Rc1 Ra7 40. Rc3 Re7 41. Kd2 Bb7 42. Rc4 Bc6 43. b4 Kxc4 0-1

[Event "*** Titled Tuesday Blitz"]
[Site "Chess.com"]
[Date "2020.12.01"]
[Round "7"]
[White "AniJak"]
[Black "sokidze"]
[Result "0-1"]
[WhiteElo "2383"]
[BlackElo "2505"]
[TimeControl "180+1"]
[EndTime "11:15:24 PST"]
[Termination "sokidze won by resignation"]

1. e4 c5 2. Nc3 Nc6 3. g3 g6 4. Bg2 Bg7 5. d3 e5 6. Nh3 d6 7. O-O Nge7 8. f4 Nd4 9. Nd5 Nxd5 10. exd5 O-O 11. c3 Nf5 12. Ng5 Ne7 13. Be3 h6 14. Nh3 Nf5 15. Bf2 b6 16. fxe5 dxe5 17. c4 Nd4 18.
Bxd4 exd4 19. Qf3 Rb8 20. Qf4 Bf5 21. Qf3 Qd7 22. Nf4 Rfe8 23. Rae1 Bg4 24. Qf2 g5 25. Ne2 Re3 26. h3 Bh5 27. g4 Bg6 28. Ng3 Bxd3 29.
Nf5 Bxf1 30. Nxe3 Bxg2 31. Nxg2 Re8 32. Rf1 d3 33. Kh1 Qe7 34. Rd1 Qe2 35. Qxe2 dxe2 36. Re1 Bxb2 0-1

[Event "*** Titled Tuesday Blitz"]
[Site "Chess.com"]
[Date "2020.12.01"]
[Round "7"]
[White "Iskusnyh"]
[Black "ZenBull"]
[Result "1-0"]
[WhiteElo "2623"]
[BlackElo "2214"]
[TimeControl "180+1"]
[EndTime "11:15:25 PST"]
[Termination "Iskusnyh won by resignation"]

1. d4 Nf6 2. c4 e6 3. g3 d5 4. Bg2 Be7 5. Nf3 O-O 6. O-O dxc4 7. Qa4 a6 8. Qxc4 b5 9. Qc2 Bb7 10. Bd2 Be4 11. Qc1 c6 12. Nc3 Bg6 13. Rd1 Qc8 14.
Ne5 Nd5 15. Ne4 Qb7 16. Nc5 Bxc5 17. dxc5 Nd7 18. Nxd7 Qxd7 19. e4 Nf6 20. Ba5 Qe7 21.
f3 Ra7 22. Rd6 Rc8 23. Qc3 h6 24. Rad1 Ne8 25. Rd8 Rxd8 26. Rxd8 Kh7 27. Qe5 Rb7 28. b4 Nf6 29. Qd6 Qxd6 30. Rxd6 Nd7 31. Rxc6 Nb8 32. Rd6 f5 33. exf5 exf5 34. f4 Re7 35. c6 1-0

[Event "*** Titled Tuesday Blitz"]
[Site "Chess.com"]
[Date "2020.12.01"]
[Round "7"]
[White "MashaFromRussia"]
[Black "Savagelittlemole"]
[Result "1-0"]
[WhiteElo "2439"]
[BlackElo "2528"]
[TimeControl "180+1"]
[EndTime "11:15:25 PST"]
[Termination "MashaFromRussia won by resignation"]

1. d4 Nf6 2. c4 c5 3. d5 e6 4. Nc3 exd5 5. cxd5 d6 6. Nf3 g6 7. g3 Bg7 8. Bg2 O-O 9. O-O Re8 10. Nd2 Nbd7 11. h3 Nb6 12. a4 a5 13. e4 Bd7 14.
Re1 Qc8 15. Kh2 Kh8 16. f4 Ng8 17. Nf3 Re7 18. e5 Qc7 19. Ng5 Rae8 20. Rf1 Rf8 21. Nge4 Nc8 22. exd6 Nxd6 23. Nxd6 Qxd6 24. Ne4 Qb6 25.
Be3 Qxb2 26. Rb1 Qa3 27. Bxc5 Qa2 28. Bxe7 Nxe7 29. Rxb7 Bxa4 30. Qd2 Qxd2 31. Nxd2 Nf5 32. Nc4 h5 33. g4 hxg4 34. hxg4 Nd4 35. Re1 Kg8 36.
d6 Ne6 37. Kg3 Bh6 38. g5 Bg7 39. Bd5 Nc5 40. Ra7 Bd4 41. Ree7 Ne4+ 42. Bxe4 Bxa7 43. Rxa7 Rd8 44. Bd5 Bb3 45. Bxf7+ Kf8 46. Ne5 Bxf7 47. Rxf7+ Kg8 48. d7 a4 49. Re7 a3 50. Re8+ Kg7 51. Rxd8 a2 52. Ra8 a1=Q 1-0

[Event "*** Titled Tuesday Blitz"]
[Site "Chess.com"]
[Date "2020.12.01"]
[Round "7"]
[White "RamyresCoelho"]
[Black "canary2016"]
[Result "1-0"]
[WhiteElo "2090"]
[BlackElo "1985"]
[TimeControl "180+1"]
[EndTime "11:15:26 PST"]
[Termination "RamyresCoelho won by checkmate"]

1. e4 c5 2. Nf3 d6 3. d4 cxd4 4.
c3 dxc3 5. Nxc3 Nf6 6. Bc4 Nc6 7.
O-O e6 8. Qe2 Be7 9. Rd1 O-O 10.
e5 Ne8 11. exd6 Nxd6 12. Ne4 Qc7 13. Bf4 Rd8 14. Rac1 e5 15. Nxe5 Nxc4 16. Rxd8+ Qxd8 17. Nxc6 bxc6 18. Qxc4 Qb6 19. Qxc6 Qxc6 20. Rxc6 Bf5 21. Nc3 h6 22. Rc7 Bf6 23. Rb7 Re8 24. Rb8 Bc8 25. h3 g5 26. Bg3 Bd4 27. Nd5 Rd8 28. Rxc8 Rxc8 29. Ne7+ Kf8 30. Nxc8 Bxb2 31. Nxa7 f5 32. Nb5 f4 33. Bh2 Bf6 34. Nd6 Ke7 35. Ne4 Ke6 36. Nxf6 Kxf6 37. g3 Ke5 38. a4 Kd5 39. gxf4 gxf4 40.
Bxf4 h5 41. a5 Kc5 42. Bc7 Kb5 43. Bb6 Ka6 44. Kg2 Kb5 45. Kf3 Ka6 46. Kf4 Kb5 47. Kg5 Ka6 48. Kxh5 Kb5 49. Kg5 Ka6 50. h4 Kb5 51. h5 Ka6 52. h6 Kb5 53. h7 Ka6 54. h8=Q Kb5 55. Qc3 Ka6 56. f4 Kb7 57. f5 Ka6 58. f6 Kb7 59. f7 Ka6 60. f8=Q Kb7 61. Qe7+ Ka6 62. Qc4# 1-0

[Event "*** Titled Tuesday Blitz"]
[Site "Chess.com"]
[Date "2020.12.01"]
[Round "7"]
[White "Gabrielian_Artur"]
[Black "anasta10"]
[Result "1/2-1/2"]
[WhiteElo "2739"]
[BlackElo "2442"]
[TimeControl "180+1"]
[EndTime "11:15:29 PST"]
[Termination "Game drawn by repetition"]

1. e4 e6 2. d4 d5 3. exd5 exd5 4. Bd3 Nc6 5. Nf3 Bd6 6. O-O Nge7 7. c3 Bf5 8. Re1 Qd7 9. a4 O-O 10. Bxf5 Nxf5 11.
Nbd2 Rfe8 12. Nf1 Rxe1 13. Qxe1 Re8 14. Qd1 Nce7 15. Ng3 Nxg3 16. hxg3 c6 17. Bf4 Bxf4 18. gxf4 Ng6 19. Ne5 Qf5 20. g3 f6 21. Nxg6 Qxg6 22. Qb3 Re7 23. a5 a6 24. Qb6 Qe8 25. Kg2 h5 26.
Rh1 Re2 27. Rf1 Re7 28. Qc5 h4 29. c4 hxg3 30. cxd5 gxf2 31. d6 Re1 32. Qc4+ Kh8 33. Qd3 Rxf1 34. Qxf1 Qe4+ 35. Kg3 Qe3+ 36. Kg2 Qe4+ 37.
Kg3 Qe3+ 38. Kg2 Qe4+ 1/2-1/2

[Event "*** Titled Tuesday Blitz"]
[Site "Chess.com"]
[Date "2020.12.01"]
[Round "7"]
[White "serhanberat_ozdemir"]
[Black "vanyakuba"]
[Result "0-1"]
[WhiteElo "2353"]
[BlackElo "2480"]
[TimeControl "180+1"]
[EndTime "11:15:29 PST"]
[Termination "vanyakuba won on time"]

1. e4 d5 2. exd5 Qxd5 3. Nc3 Qa5 4. d4 Nf6 5. Bc4 Bg4 6. Nf3 Nc6 7. h3 Bh5 8. g4 Bg6 9. Be3 O-O-O 10. Qe2 e5 11. dxe5 Ne4 12. O-O Nxc3 13. bxc3 Qxc3 14. Rfd1 Rxd1+ 15. Rxd1 Qxc2 16. Rd2 Qb1+ 17. Kg2 Ba3 18. e6 Be4 19. exf7 Ne5 20. Bd5 Nxf3 21. Bxe4 Ne1+ 0-1

[Event "*** Titled Tuesday Blitz"]
[Site "Chess.com"]
[Date "2020.12.01"]
[Round "7"]
[White "BJthechessgod"]
[Black "WelshTiger"]
[Result "0-1"]
[WhiteElo "2299"]
[BlackElo "2464"]
[TimeControl "180+1"]
[EndTime "11:15:30 PST"]
[Termination "WelshTiger won by checkmate"]

1. e4 c5 2. Nf3 Nc6 3. d4 cxd4 4. Nxd4 Nf6 5. Nc3 d6 6. Bc4 Qb6 7. Be3 Qxb2 8. Ndb5 Qb4 9. Bd2 Qxc4 10. Nc7+ Kd8 11.
Nxa8 Nxe4 12. Nxe4 Qxe4+ 13. Qe2 Qxe2+ 14. Kxe2 b6 15. Rab1 Bb7 16. Nxb6 axb6 17. Rxb6 Kc7 18. Rhb1 Bc8 19.
a4 d5 20. a5 e6 21. R1b5 Nd4+ 22. Kd1 Nxb5 23. Rxb5 Bd6 24. Be3 Bd7 25. Rb6 Ra8 26.
a6 Bc8 27. a7 e5 28. c3 d4 29. cxd4 Kxb6 30. dxe5+ Kc6 31. exd6 Kxd6 32. Bf4+ Kd5 33.
Bb8 Bb7 34. Ke2 Ke6 35. f3 Kd7 36. Ke3 Kc8 37. Kf4 Rxb8 38. axb8=Q+ Kxb8 39. Kg5 Kc8 40. h4 Kd8 41. h5 h6+ 42. Kf5 Ke7 43. Ke5 Bc6 44. Kf5 Bd7+ 45. Ke5 f6+ 46. Kf4 Ke6 47. g4 Bc6 48. Ke3 Ke5 49. f4+ Kd5 50.
Kf3 Kd4+ 51. Kg3 Ke3 52. g5 Be4 53. Kg4 f5+ 54. Kg3 Bd3 55. gxh6 gxh6 56. Kh4 Kxf4 57.
Kh3 Kg5 58. Kg3 Kxh5 59. Kf4 Kg6 60. Kg3 Kg5 61. Kh2 f4 62. Kg2 Kg4 63. Kf2 f3 64. Kg1 Kf4 65. Kh2 Ke3 66. Kg1 f2+ 67. Kg2 f1=Q+ 68. Kh2 Qf4+ 69. Kh1 Be4+ 70. Kg1 Qg3+ 71. Kf1 Qf2# 0-1

[Event "*** Titled Tuesday Blitz"]
[Site "Chess.com"]
[Date "2020.12.01"]
[Round "7"]
[White "Ladislav1969"]
[Black "ftorodent"]
[Result "0-1"]
[WhiteElo "2367"]
[BlackElo "2633"]
[TimeControl "180+1"]
[EndTime "11:15:32 PST"]
[Termination "ftorodent won on time"]

1. e4 c5 2. d4 cxd4 3. c3 d3 4. Bxd3 e6 5. c4 Nf6 6. Nc3 d6 7. f4 Nbd7 8. Nf3 a6 9. Be3 Qc7 10. h3 Be7 11. O-O b6 12. Rc1 Bb7 13. f5 Nc5 14.
fxe6 fxe6 15. Qc2 O-O 16. b4 Nxd3 17. Qxd3 Rac8 18. Nd2 Nd7 19. Rxf8+ Bxf8 20. Bd4 Ne5 21. Bxe5 dxe5 22. a3 Rd8 23. Qe3 a5 24. c5 axb4 25. axb4 bxc5 26. b5 c4 27. Kh2 Rd3 28. Qe2 Qc5 29.
Ncb1 Qxb5 30. Rxc4 Rd4 31. Qf1 Ba6 32. Nc3 Qb2 0-1